AoeStats
← кислород

Arabia

509345640Analyzed
1v1 RM · 7d ago on Sep 26, 2026· 30m 22s· 2 players
Game mode
Random Map
Map size
Tiny (2 player)
Population
200
Speed
Normal
Resources
Standard
Victory
Conquest
Starting age
Dark Age
Ending age
Imperial Age
RankedLock teamsTeams togetherTeam positionsShared explorationLock speedFull tech treeHidden civsTurbo modeCheats
Victory
Defeat
🇨🇦 Khitans · Canada
2084
+12
🇩🇰 Saxons · Denmark
1990
-12
Kejserguldbajer 2.
7:59 Loom
10:31 Feudal Age
10:51 Man-at-Arms
12:07 Double-Bit Axe
14:00 Horse Collar
20:38 Castle Age
21:17 Fletching
22:17 Crossbowman
22:54 Bodkin Arrow
22:35 Pikeman
25:28 Bow Saw
кислород
8:25 Loom
12:45 Feudal Age
16:31 Double-Bit Axe
17:07 Forging
18:08 Scale Barding Armor
24:39 Castle Age
25:45 Chain Barding Armor
24:51 Light Cavalry
25:32 Husbandry
27:49 Iron Casting
28:03 Wheelbarrow
Connection lost

Rejoining the realm…

Still unreachable

The connection could not be restored.

Session expired

The server has moved on; the page needs a fresh start.